MLB
MILWAUKEE BREWERS @ PITTSBURGH PIRATES
09/29/2047
 
TOP OF THE 1ST
Milwaukee Brewers batting - Pitching for Pittsburgh Pirates : RHP Isaac Spikes
Pitching: RHP Isaac Spikes
Batting: RHB Akitada Nishizawa 0-0: Ball
1-0: Ball
2-0: Swinging Strike
2-1: Foul Ball, location: 2F
2-2: Foul Ball, location: 2F
2-2: Strikes out swinging
Batting: SHB Pat Wilson 0-0: TRIPLE (Line Drive, 8RXD, EV 103.1 MPH)
Batting: SHB Lewis Thorpe Jr. 0-0: Ball
1-0: Ball
2-0: Called Strike
2-1: Called Strike
2-2: Foul Ball, location: 2F
2-2: SINGLE (Line Drive, 8RS, EV 97.5 MPH)
Pat Wilson scores
Batting: RHB Mike Thornton 0-0: Called Strike
0-1: Swinging Strike
0-2: Ball
1-2: Strikes out swinging
Batting: RHB Noah Stanley 0-0: Ball
1-0: Ball
2-0: Fly out, F8 (Line Drive, 8LM, EV 105.6 MPH)
Top of the 1st over - 1 run, 2 hits, 0 errors, 1 left on base; Milwaukee 1 - Pittsburgh 0
BOTTOM OF THE 1ST
Pittsburgh Pirates batting - Pitching for Milwaukee Brewers : RHP Travis Southern
Pitching: RHP Travis Southern
Batting: RHB Mike Bates 0-0: Ball
1-0: Ball
2-0: Foul Ball, location: 2F
2-1: Fly out, F8 (Flyball, 8LD, EV 91.2 MPH)
Batting: RHB Raul Mendoza 0-0: Swinging Strike
0-1: Foul Ball, location: 2F
0-2: Strikes out swinging
Batting: SHB Marvin McAleer 0-0: Ball
1-0: Ground out 4-3 (Groundball, 4, EV 88.8 MPH)
Bottom of the 1st over - 0 runs, 0 hits, 0 errors, 0 left on base; Milwaukee 1 - Pittsburgh 0
TOP OF THE 2ND
Milwaukee Brewers batting - Pitching for Pittsburgh Pirates : RHP Isaac Spikes
Batting: RHB Adrian Rudkilde 0-0: Ball
1-0: Ball
2-0: Foul Ball, location: 2F
2-1: Foul Ball, location: 2F
2-2: Ball
3-2: Base on Balls
Batting: RHB Daniel Donovan 0-0: Ball
1-0: Called Strike
1-1: Called Strike
1-2: Grounds into double play, 5-4-3 (Groundball, 5S, EV 77.5 MPH)
Batting: RHB Kisho Ito 0-0: Foul Ball, location: 2F
0-1: SINGLE (Groundball, 56D, EV 98.8 MPH)
Batting: RHB Ben Campbell 0-0: Ball
1-0: Fielders Choice at 2nd, 5-4 (Groundball, 56, EV 91.2 MPH)
Top of the 2nd over - 0 runs, 1 hit, 0 errors, 1 left on base; Milwaukee 1 - Pittsburgh 0
BOTTOM OF THE 2ND
Pittsburgh Pirates batting - Pitching for Milwaukee Brewers : RHP Travis Southern
Batting: LHB Micah Boshnjaku 0-0: Foul Ball, location: 2F
0-1: Ball
1-1: Ball
2-1: Called Strike
2-2: SOLO HOME RUN (Flyball, 89XD, EV 103.1 MPH), Distance : 409 ft
Batting: RHB Andrew Robinson 0-0: Ball
1-0: Swinging Strike
1-1: Ball
2-1: Foul Ball, location: 2F
2-2: Ball
3-2: Base on Balls
Batting: LHB Xavier Pittman 0-0: Ball
1-0: Called Strike
Andrew Robinson is caught stealing 2nd base 2-6
1-1: Ball
2-1: Ball
3-1: SINGLE (Flyball, 89S, EV 91.2 MPH)
Batting: LHB Josh Cook 0-0: Called Strike
0-1: Ball
1-1: Foul Ball, location: 2F
1-2: Ball
2-2: Grounds into double play, 3-6-3 (Groundball, 3S, EV 85.6 MPH)
Bottom of the 2nd over - 1 run, 2 hits, 0 errors, 0 left on base; Milwaukee 1 - Pittsburgh 1
TOP OF THE 3RD
Milwaukee Brewers batting - Pitching for Pittsburgh Pirates : RHP Isaac Spikes
Batting: RHB Akitada Nishizawa 0-0: Ball
1-0: Ball
2-0: Called Strike
2-1: Fly out, F8 (Flyball, 8RM, EV 88.8 MPH)
Batting: SHB Pat Wilson 0-0: Ball
1-0: Called Strike
1-1: Ball
2-1: Foul Ball, location: 2F
2-2: SINGLE (Flyball, 4MD, EV 88.1 MPH)
Batting: SHB Lewis Thorpe Jr. 0-0: Ball
1-0: Called Strike
1-1: DOUBLE (Line Drive, 9LS, EV 91.9 MPH)
Pat Wilson to third
Runner from 3rd tries for Home, SAFE, no throw by RF
Batting: RHB Mike Thornton 0-0: Ball
1-0: Called Strike
1-1: Swinging Strike
1-2: Foul Ball, location: 2F
1-2: Fly out, F7 (Line Drive, 7S, EV 96.9 MPH)
Batting: RHB Noah Stanley 0-0: Ball
1-0: Ball
2-0: Ground out 5-3 (Groundball, 56, EV 85.6 MPH)
Top of the 3rd over - 1 run, 2 hits, 0 errors, 1 left on base; Milwaukee 2 - Pittsburgh 1
BOTTOM OF THE 3RD
Pittsburgh Pirates batting - Pitching for Milwaukee Brewers : RHP Travis Southern
Batting: RHB Bubba Tierney 0-0: Ball
1-0: Called Strike
1-1: Foul Ball, location: 2F
1-2: Strikes out swinging
Batting: SHB Trevor Weareorwear 0-0: SINGLE (Line Drive, 34D, EV 93.8 MPH)
Batting: RHB Mike Bates 0-0: Called Strike
0-1: SINGLE (Flyball, 4MD, EV 96.9 MPH)
Trevor Weareorwear to second
Batting: RHB Raul Mendoza 0-0: Foul Ball, location: 2F
0-1: Foul Ball, location: 2F
0-2: Strikes out looking
Batting: SHB Marvin McAleer 0-0: Ball
1-0: Ball
2-0: Foul Ball, location: 2F
2-1: Foul Ball, location: 2F
2-2: Foul Ball, location: 2F
2-2: Foul Ball, location: 2F
2-2: Ball
3-2: Fly out, F9 (Flyball, 9LSF, EV 82.5 MPH)
Bottom of the 3rd over - 0 runs, 2 hits, 0 errors, 2 left on base; Milwaukee 2 - Pittsburgh 1
TOP OF THE 4TH
Milwaukee Brewers batting - Pitching for Pittsburgh Pirates : RHP Isaac Spikes
Batting: RHB Adrian Rudkilde 0-0: Ball
1-0: Ball
2-0: Swinging Strike
2-1: Called Strike
2-2: Foul Ball, location: 2F
2-2: Strikes out swinging
Batting: RHB Daniel Donovan 0-0: Ball
1-0: Called Strike
1-1: Called Strike
1-2: Ball
2-2: Ball
3-2: Base on Balls
Batting: RHB Kisho Ito 0-0: Ball
1-0: Ball
Daniel Donovan steals 2nd base
2-0: SINGLE (Groundball, 6M, EV 103.1 MPH) (infield hit)
Daniel Donovan to third
Batting: RHB Ben Campbell 0-0: Called Strike
0-1: Ball
Kisho Ito is caught stealing 2nd base 2-4
1-1: Ball
2-1: Fly out, F9 (Flyball, 9D, EV 103.1 MPH)
Top of the 4th over - 0 runs, 1 hit, 0 errors, 1 left on base; Milwaukee 2 - Pittsburgh 1
BOTTOM OF THE 4TH
Pittsburgh Pirates batting - Pitching for Milwaukee Brewers : RHP Travis Southern
Batting: LHB Micah Boshnjaku 0-0: Foul Ball, location: 2F
0-1: Called Strike
0-2: Ball
1-2: Strikes out swinging
Batting: RHB Andrew Robinson 0-0: Called Strike
0-1: Ball
1-1: Called Strike
1-2: Foul Ball, location: 2F
1-2: Foul Ball, location: 2F
1-2: Ball
2-2: Foul Ball, location: 2F
2-2: Ball
3-2: Foul Ball, location: 2F
3-2: Base on Balls
Batting: LHB Xavier Pittman 0-0: Ball
1-0: Ball
2-0: Called Strike
2-1: Ground out 5-3 (Groundball, 56S, EV 74.4 MPH)
Andrew Robinson to second
Batting: LHB Josh Cook 0-0: Called Strike
0-1: Ball
1-1: Ball
2-1: Ground out 5-3 (Groundball, 5, EV 80.0 MPH)
Bottom of the 4th over - 0 runs, 0 hits, 0 errors, 1 left on base; Milwaukee 2 - Pittsburgh 1
TOP OF THE 5TH
Milwaukee Brewers batting - Pitching for Pittsburgh Pirates : RHP Isaac Spikes
Batting: RHB Akitada Nishizawa 0-0: Ball
1-0: Foul Ball, location: 2F
1-1: Ball
2-1: Called Strike
2-2: Ball
3-2: Foul Ball, location: 2F
3-2: Base on Balls
Batting: SHB Pat Wilson 0-0: Ball
1-0: Reached on error, E1 (Groundball, 13S, EV 43.8 MPH)
Akitada Nishizawa to second
Batting: SHB Lewis Thorpe Jr. 0-0: Ground out 6-3 (Groundball, 6S, EV 60.6 MPH)
Akitada Nishizawa to third
Pat Wilson to second
Batting: RHB Mike Thornton 0-0: Called Strike
0-1: Foul Ball, location: 2F
0-2: Foul Ball, location: 2F
0-2: Ball
1-2: Foul Ball, location: 2F
1-2: Ball
2-2: Ground out 4-3 (Groundball, 4, EV 93.1 MPH)
Batting: RHB Noah Stanley 0-0: DOUBLE (Flyball, 8RXD, EV 111.9 MPH)
Akitada Nishizawa scores
Pat Wilson scores
Batting: RHB Adrian Rudkilde 0-0: SINGLE (Groundball, 6S, EV 61.2 MPH) (infield hit)
Noah Stanley to third
Batting: RHB Daniel Donovan 0-0: Ball
1-0: Swinging Strike
1-1: Ball
2-1: Swinging Strike
2-2: Ball
3-2: Foul Ball, location: 2F
3-2: Foul Ball, location: 2F
3-2: Base on Balls
Adrian Rudkilde to second
Batting: RHB Kisho Ito 0-0: Fly out, F3 (Line Drive, 3L, EV 66.2 MPH)
Top of the 5th over - 2 runs, 2 hits, 1 error, 3 left on base; Milwaukee 4 - Pittsburgh 1
BOTTOM OF THE 5TH
Pittsburgh Pirates batting - Pitching for Milwaukee Brewers : RHP Travis Southern
Batting: RHB Bubba Tierney 0-0: Called Strike
0-1: Ball
1-1: Ball
2-1: Foul Ball, location: 2F
2-2: Ball
3-2: Strikes out swinging
Batting: SHB Trevor Weareorwear 0-0: Ball
1-0: Ground out 3-1 (Groundball, 34, EV 81.2 MPH)
Batting: RHB Mike Bates 0-0: SINGLE (Line Drive, 7LS, EV 110.0 MPH)
Batting: RHB Raul Mendoza 0-0: Called Strike
0-1: Ball
1-1: Ball
2-1: Swinging Strike
2-2: Fly out, F7 (Flyball, 7LM, EV 90.0 MPH)
Bottom of the 5th over - 0 runs, 1 hit, 0 errors, 1 left on base; Milwaukee 4 - Pittsburgh 1
TOP OF THE 6TH
Milwaukee Brewers batting - Pitching for Pittsburgh Pirates : RHP Isaac Spikes
Pitching: LHP Jimmy Vanthournoutingtonle
Batting: RHB Ben Campbell 0-0: Foul Ball, location: 2F
0-1: Called Strike
0-2: Ball
1-2: Ball
2-2: Foul Ball, location: 2F
2-2: Ball
3-2: Foul Ball, location: 2F
3-2: Foul Ball, location: 2F
3-2: Foul Ball, location: 2F
3-2: Foul Ball, location: 2F
3-2: SINGLE (Groundball, 56D, EV 96.2 MPH)
Batting: RHB Akitada Nishizawa 0-0: SINGLE (Groundball, 56D, EV 108.1 MPH)
Ben Campbell to second
Batting: SHB Pat Wilson 0-0: Ball
1-0: Foul Ball, location: 2F
1-1: DOUBLE (Flyball, 8LXD, EV 94.4 MPH)
Ben Campbell scores
Akitada Nishizawa to third
Batting: SHB Lewis Thorpe Jr. 0-0: Foul Ball, location: 2F
0-1: Foul Ball, location: 2F
0-2: Foul Ball, location: 2F
0-2: Ball
1-2: Ball
2-2: 3-RUN HOME RUN (Flyball, 7D, EV 98.8 MPH), Distance : 372 ft
Pitching: RHP Walt Quinn
Batting: RHB Mike Thornton 0-0: Ball
1-0: Ball
2-0: Called Strike
2-1: Ground out U3 (Groundball, 13, EV 87.5 MPH)
Batting: RHB Noah Stanley 0-0: Ball
1-0: Ground out 1-3 (Groundball, 15S, EV 72.5 MPH)
Batting: RHB Adrian Rudkilde 0-0: Called Strike
0-1: Foul Ball, location: 2F
0-2: Foul Ball, location: 2F
0-2: Ball
1-2: Ball
2-2: Fly out, F7 (Flyball, 78S, EV 90.0 MPH)
Top of the 6th over - 4 runs, 4 hits, 0 errors, 0 left on base; Milwaukee 8 - Pittsburgh 1
BOTTOM OF THE 6TH
Pittsburgh Pirates batting - Pitching for Milwaukee Brewers : RHP Travis Southern
Batting: SHB Marvin McAleer 0-0: Ground out 4-3 (Groundball, 34, EV 81.9 MPH)
Batting: LHB Micah Boshnjaku 0-0: DOUBLE (Groundball, 3L, EV 102.5 MPH)
Batting: RHB Andrew Robinson 0-0: Called Strike
0-1: Ball
1-1: Ball
Wild Pitch!
Micah Boshnjaku to third
2-1: Foul Ball, location: 2F
2-2: Foul Ball, location: 2F
2-2: Ball
3-2: Foul Ball, location: 2F
3-2: Base on Balls
Pitching: RHP Mark Hincks
Batting: LHB Xavier Pittman 0-0: Ball
1-0: Fielders Choice at 2nd, 2-4 (Groundball, 2L, EV 73.8 MPH)
Batting: LHB Josh Cook 0-0: Ground out 6-3 (Groundball, P, EV 80.0 MPH)
Bottom of the 6th over - 0 runs, 1 hit, 0 errors, 2 left on base; Milwaukee 8 - Pittsburgh 1
TOP OF THE 7TH
Milwaukee Brewers batting - Pitching for Pittsburgh Pirates : RHP Walt Quinn
Pinch Hitting: SHB Mike Williams 0-0: Foul Ball, location: 2F
0-1: Swinging Strike
0-2: Ball
1-2: Strikes out swinging
Batting: RHB Kisho Ito 0-0: Ball
1-0: Called Strike
1-1: Swinging Strike
1-2: Fly out, F9 (Line Drive, 9LM, EV 94.4 MPH)
Batting: RHB Ben Campbell 0-0: Called Strike
0-1: Ball
1-1: Ball
2-1: Ball
3-1: Ground out 5-3 (Groundball, 56, EV 96.2 MPH)
Top of the 7th over - 0 runs, 0 hits, 0 errors, 0 left on base; Milwaukee 8 - Pittsburgh 1
BOTTOM OF THE 7TH
Pittsburgh Pirates batting - Pitching for Milwaukee Brewers : RHP Mark Hincks
Now in LF: Akitada Nishizawa
Now in RF: Mike Williams
Batting: RHB Bubba Tierney 0-0: Foul Ball, location: 2F
0-1: Ball
1-1: SINGLE (Line Drive, 8RS, EV 108.1 MPH)
Batting: SHB Trevor Weareorwear 0-0: Called Strike
0-1: Fly out, F9 (Flyball, 9LM, EV 95.0 MPH)
Batting: RHB Mike Bates 0-0: Ball
1-0: Ball
2-0: Called Strike
Bubba Tierney steals 2nd base (no throw)
2-1: Foul Ball, location: 2F
2-2: Foul Ball, location: 2F
2-2: Ball
3-2: Base on Balls
Batting: RHB Raul Mendoza 0-0: Called Strike
0-1: Foul Ball, location: 2F
0-2: Ball
1-2: Strikes out looking
Batting: SHB Marvin McAleer 0-0: Ball
1-0: Called Strike
1-1: Called Strike
1-2: Foul Ball, location: 2F
1-2: Ball
2-2: Strikes out swinging
Bottom of the 7th over - 0 runs, 1 hit, 0 errors, 2 left on base; Milwaukee 8 - Pittsburgh 1
TOP OF THE 8TH
Milwaukee Brewers batting - Pitching for Pittsburgh Pirates : RHP Walt Quinn
Batting: RHB Akitada Nishizawa 0-0: Ball
1-0: Ball
2-0: Ball
3-0: Called Strike
3-1: Foul Ball, location: 2F
3-2: Foul Ball, location: 2F
3-2: Fly out, F8 (Flyball, 8RXD, EV 88.1 MPH)
Batting: SHB Pat Wilson 0-0: Called Strike
0-1: Fly out, F3 (Popup, 3F, EV 77.5 MPH)
Batting: SHB Lewis Thorpe Jr. 0-0: Ball
1-0: SINGLE (Flyball, 5D, EV 95.6 MPH)
Batting: RHB Mike Thornton 0-0: Swinging Strike
0-1: Foul Ball, location: 2F
0-2: Strikes out swinging
Top of the 8th over - 0 runs, 1 hit, 0 errors, 1 left on base; Milwaukee 8 - Pittsburgh 1
BOTTOM OF THE 8TH
Pittsburgh Pirates batting - Pitching for Milwaukee Brewers : RHP Mark Hincks
Batting: LHB Micah Boshnjaku 0-0: Ball
1-0: Ball
2-0: SINGLE (Line Drive, 78S, EV 93.1 MPH)
Batting: RHB Andrew Robinson 0-0: Fly out, F7 (Flyball, 7, EV 92.5 MPH)
Batting: LHB Xavier Pittman 0-0: Fielders Choice at 2nd, 3-6 (Groundball, 34, EV 108.8 MPH)
Batting: LHB Josh Cook 0-0: Called Strike
0-1: Hit by Pitch
Xavier Pittman to second
Batting: RHB Bubba Tierney 0-0: Ball
1-0: Foul Ball, location: 2F
1-1: Swinging Strike
1-2: Strikes out swinging
Bottom of the 8th over - 0 runs, 1 hit, 0 errors, 2 left on base; Milwaukee 8 - Pittsburgh 1
TOP OF THE 9TH
Milwaukee Brewers batting - Pitching for Pittsburgh Pirates : RHP Walt Quinn
Batting: RHB Noah Stanley 0-0: Foul Ball, location: 2F
0-1: Swinging Strike
0-2: Ball
1-2: Strikes out swinging
Batting: RHB Adrian Rudkilde 0-0: Foul Ball, location: 2F
0-1: Swinging Strike
0-2: Ball
1-2: Strikes out swinging
Batting: SHB Mike Williams 0-0: Called Strike
0-1: Foul Ball, location: 2F
0-2: Strikes out swinging
Top of the 9th over - 0 runs, 0 hits, 0 errors, 0 left on base; Milwaukee 8 - Pittsburgh 1
BOTTOM OF THE 9TH
Pittsburgh Pirates batting - Pitching for Milwaukee Brewers : RHP Mark Hincks
Batting: SHB Trevor Weareorwear 0-0: Ball
1-0: Ball
2-0: Ball
3-0: Base on Balls
Batting: RHB Mike Bates 0-0: Ball
1-0: Ball
2-0: Called Strike
2-1: Fly out, F9 (Line Drive, 89S, EV 92.5 MPH)
Pitching: RHP Adam McCurdy
Batting: RHB Raul Mendoza 0-0: Called Strike
0-1: Called Strike
0-2: Fly out, F9 (Line Drive, 9, EV 86.2 MPH)
Batting: SHB Marvin McAleer 0-0: Ball
1-0: Ball
2-0: DOUBLE (Line Drive, 5D, EV 93.8 MPH)
Trevor Weareorwear to third
Batting: LHB Micah Boshnjaku 0-0: Called Strike
0-1: Ball
1-1: Ball
2-1: Ball
3-1: Called Strike
3-2: Foul Ball, location: 2F
3-2: Foul Ball, location: 2F
3-2: Base on Balls
Batting: RHB Andrew Robinson 0-0: Foul Ball, location: 2F
0-1: Called Strike
0-2: Strikes out swinging
Bottom of the 9th over - 0 runs, 1 hit, 0 errors, 3 left on base; Milwaukee 8 - Pittsburgh 1
Thursday, December 15th , 2022 - OOTP Baseball 23.9 Build 102